 Dungeon Crawl Stone Soup version 0.19-a0-1738-gbb2db12 (webtiles) character file.

199 Naow the Chopper (level 5, -10/69 HPs)
             Began as a Minotaur Berserker on Oct 1, 2016.
             Was a Believer of Trog.
             Mangled by an ogre
             ... wielding a +0 giant club
              (17 damage)
             ... on level 4 of the Dungeon.
             The game lasted 00:04:57 (2044 turns).

Naow the Chopper (Minotaur Berserker)               Turns: 2044, Time: 00:04:58

Health: -10/69     AC:  8    Str: 27    XL:     5   Next: 48%
Magic:  4/4        EV:  8    Int:  5    God:    Trog [**....]
Gold:   261        SH:  8    Dex:  9    Spells: 0 memorised, 4 levels left

rFire  . . .     SeeInvis .     v - +0 hand axe (venom)
rCold  + . .     Gourm    .     A - +2 scale mail {rC+}
rNeg   . . .     Faith    .     t - +0 shield
rPois  .         Spirit   .     (helmet restricted)
rElec  .         Dismiss  .     (no cloak)
rCorr  .         Reflect  .     (no gloves)
MR     .....     Harm     .     (no boots)
Stlth  ..........               (no amulet)
                                (no ring)
                                p - ring of wizardry

@: berserking, very quick
A: retaliatory headbutt, horns 2
a: Berserk, Trog's Hand, Burn Spellbooks, Renounce Religion


You were on level 4 of the Dungeon.
You worshipped Trog.
Trog was pleased with you.
You were not hungry.

You visited 1 branch of the dungeon, and saw 4 of its levels.

You collected 261 gold pieces.

Inventory:

Hand Weapons
 a - a +0 hand axe
 v - a +0 hand axe of venom (weapon)
Armour
 b - a +0 animal skin
 k - a +0 chain mail
 t - a +0 shield (worn)
 A - a +2 scale mail of cold resistance (worn)
Jewellery
 d - an uncursed amulet of inaccuracy
 p - a ring of wizardry (left hand)
Wands
 q - a wand of slowing (23/48)
Scrolls
 e - 2 scrolls of magic mapping {unknown}
 g - 5 scrolls of remove curse
 l - a scroll of amnesia {unknown}
 m - 4 scrolls of identify
 n - 2 scrolls of enchant armour {unknown}
 r - a scroll of noise {unknown}
 y - a scroll of enchant weapon {unknown}
 C - a scroll of recharging {unknown}
Potions
 f - a potion of curing {unknown}
 h - a potion of degeneration {unknown}
 i - a potion of cure mutation {unknown}
 j - a potion of heal wounds {unknown}
 o - 2 potions of lignification
 s - 2 potions of magic {unknown}
 u - 2 potions of flight {unknown}
 x - a potion of agility {unknown}
 z - a potion of brilliance {unknown}
Comestibles
 c - 2 bread rations
 w - 2 beef jerkies
 B - a chunk of flesh


   Skills:
 - Level 3.8 Fighting
 + Level 7.4 Axes
 - Level 2.4 Armour
 - Level 2.2 Dodging


You had 4 spell levels left.
You didn't know any spells.

Dungeon Overview and Level Annotations

Branches:
Dungeon (4/15)
 Temple: D:4-7

Altars:
Kikubaaqudgha
Nemelex Xobeh

Portals:
Sewer: D:3


Innate Abilities, Weirdness & Mutations

You reflexively headbutt those who attack you in melee.
You have a pair of horns on your head.


Message History

The ogre is moderately wounded.
The ogre barely misses you.
You closely miss the ogre.
The ogre is moderately wounded.
The ogre hits you with a giant club!
You barely miss the ogre. Your headbutt misses the ogre.
The ogre is moderately wounded.
The ogre hits you with a giant club!!
Ouch! That really hurt!
* * * LOW HITPOINT WARNING * * *
You are too injured to fight recklessly!
A red film seems to cover your vision as you go berserk!
You feel yourself moving faster!
You feel mighty!
You feel somewhat more hungry. You block the ogre's attack.
You barely miss the ogre. You headbutt the ogre!
The ogre is almost dead.
You closely miss the ogre. Your headbutt misses the ogre.
The ogre is almost dead.
The ogre hits you with a giant club!
You die...

.... ## .....
#...#....#+######. .....
#...#........#..'.
.....##...#........#..#.
#........#........##+#.
#........#.............
#........#.............
#.....O..#.............
.######@###...<.........
.................<......
...................#+##.
...................# #.
...................# #.
...................# #.
...................+ #.
.#####.............# #.
#.............# #.


You could see an ogre.

Vanquished Creatures
  Jessica (D:2)
  Terence (D:3)
  8 adders
  A gnoll (D:1)
  A worm (D:3)
  A dart slug (D:2)
  3 leopard geckos
  2 ball pythons
  2 giant cockroaches (D:2)
  10 goblins
  6 hobgoblins
  5 jackals (D:2)
  6 bats
  4 frilled lizards
  7 kobolds
  6 rats
64 creatures vanquished.

Notes
Turn   | Place    | Note
-------+----------+-------------------------------------------
     0 | D:1      | Naow the Minotaur Berserker began the quest for the Orb.
     0 | D:1      | Reached XP level 1. HP: 19/19 MP: 0/0
   228 | D:1      | Reached skill level 4 in Axes
   229 | D:1      | Reached XP level 2. HP: 23/27 MP: 1/1
   469 | D:1      | Reached ** piety under Trog
   477 | D:1      | Reached XP level 3. HP: 33/33 MP: 2/2
   631 | D:2      | Reached skill level 5 in Axes
   850 | D:2      | Noticed Jessica
   859 | D:2      | Killed Jessica
   859 | D:2      | Reached skill level 6 in Axes
   859 | D:2      | Reached XP level 4. HP: 26/40 MP: 3/3
  1252 | D:2      | Reached XP level 5. HP: 46/46 MP: 4/4
  1318 | D:2      | Found an ancient bone altar of Kikubaaqudgha.
  1318 | D:2      | Found a sparkling altar of Nemelex Xobeh.
  1499 | D:3      | Noticed Terence
  1504 | D:3      | Killed Terence
  1504 | D:3      | Reached skill level 7 in Axes
  1844 | D:3      | Found a glowing drain.
  2036 | D:4      | Noticed an ogre
  2044 | D:4      | Mangled by an ogre

Vault maps used:
D:1:      grunt_arrival_lava_bath
D:2:      minmay_wonky_spiral, gammafunk_temple_overflow_elements, uniq_jessica
D:3:      first_bread, gup_sewer_entry_bowl, uniq_terence
D:4:      evilmike_ruin_ashenzari

Skill      XL: |  1  2  3  4  5 |
---------------+----------------+-----
Axes           | 4 6 7 |  7.4
Fighting       | |  3.8
Armour         | |  2.4
Dodging        | |  2.2

Action                   |  1- 3 |  4- 6 || total
-------------------------+-------+-------++-------
Melee: Hand axe          |    82 |    63 ||   145
       Headbutt          |     6 |    10 ||    16
Invok: Berserk           |       |     1 ||     1
  Use: Scroll            |       |     2 ||     2
  Eat: Chunk             |       |     4 ||     4
Armor: Animal skin       |     5 |       ||     5
       Chain mail        |    28 |    19 ||    47
       Scale mail        |       |    10 ||    10
Dodge: Dodged            |    54 |    16 ||    70
Block: Shield            |       |    12 ||    12
